 Dungeon Crawl Stone Soup version 0.31-a0-986-g5e6e4ef867 (webtiles) character file.

Game seed: 10088372392956988324

22760 sokol815 the Cruncher (level 13, 0/92 HPs)
             Began as an Octopode Gladiator on Nov 4, 2023.
             Was an Initiate of Gozag.
             Slain by an azure jelly (6 damage)
             ... in an ice cave.
             The game lasted 00:49:05 (14885 turns).

sokol815 the Cruncher (Octopode Gladiator)         Turns: 14885, Time: 00:49:06

Health: 0/92       AC: 10    Str: 19    XL:     13   Next: 2%
Magic:  14/19      EV: 15    Int: 22    God:    Gozag
Gold:   819        SH:  0    Dex: 13    Spells: 11/20 levels left

rFire   . . .        a - +1 quarterstaff
rCold   + . .        (shield currently unavailable)
rNeg    . . .        B - +0 hat
rPois   .            (no amulet)
rElec   .            X - ring of resist corrosion
rCorr   +            r - +6 ring of strength
SInv    .            F - ring of protection from fire {rF+, !d}
Will    .....        c - ring of ice {rC+, rF-}
Stlth   ++           I - +6 ring of intelligence
HPRegen 0.35/turn    (no ring)
MPRegen 0.16/turn    (no ring)
                     (no ring)

%: no passive effects
@: mighty, ice-armoured
A: almost no armour, amphibious, 8 rings, camouflage 1, gelatinous body 1,
(nimble swimmer 1), tentacles
a: Renounce Religion, Potion Petition, Call Merchant, Bribe Branch


You were in an ice cave.
You worshipped Gozag.
Gozag was pleased with you.
You visited 3 branches of the dungeon, and saw 12 of its levels.
You also visited: Ice Cave.

You collected 2395 gold pieces.
You spent 377 gold pieces at shops.
You paid 1199 gold pieces to Gozag.

Inventory:

Hand Weapons
 a - a +1 quarterstaff (weapon)
 b - a +0 sling of freezing
   (You found it in an ice cave)
 j - a +3 trident of draining
   (You took it off Jeremiah on level 1 of the Lair of Beasts)
 k - a +0 trident of flaming
   (You took it off an orc on level 8 of the Dungeon)
 o - a +2 dagger of protection
   (You took it off a goblin on level 2 of the Dungeon)
 p - a +5 morningstar
   (You took it off a wight on level 9 of the Dungeon)
 u - a +4 scimitar
   (You took it off a wight on level 7 of the Dungeon)
 x - a +4 short sword
   (You took it off a wight on level 8 of the Dungeon)
Missiles
 d - 12 javelins (quivered)
 g - 5 boomerangs
 h - 2 atropa-tipped darts
 i - 5 throwing nets {!d}
 q - 30 poisoned darts
 s - 71 stones
 t - 4 curare-tipped darts
Armour
 y - an orb of mayhem
   (You took it off Jeremiah on level 1 of the Lair of Beasts)
 A - a +2 kite shield of positive energy
   (You found it in an ice cave)
 B - a +0 hat (worn)
Magical Staves
 w - a staff of fire {rF+}
   (You found it on level 7 of the Dungeon)
Jewellery
 c - a ring of ice (on tentacle) {rC+, rF-}
   (You found it on level 2 of the Dungeon)
 f - an amulet of guardian spirit
   (You found it on level 4 of the Dungeon)
 r - a +6 ring of strength (right tentacle)
   (You found it on level 5 of the Dungeon)
 F - a ring of protection from fire (on tentacle) {rF+, !d}
   (You bought it in a shop on level 7 of the Dungeon)
 I - a +6 ring of intelligence (on tentacle)
   (You found it on level 10 of the Dungeon)
 X - a ring of resist corrosion (left tentacle)
   (You found it on level 1 of the Dungeon)
Scrolls
 m - a scroll of poison {!r}
 D - 5 scrolls of blinking {!r}
 E - a scroll of fear
 K - 2 scrolls of immolation {!r}
 V - 3 scrolls of vulnerability {!r!r}
 Y - 6 scrolls of teleportation {@r3}
Potions
 e - 3 potions of attraction {!q}
 n - 2 potions of cancellation
 v - 2 potions of enlightenment
 z - a potion of mutation {unknown}
 H - a potion of haste
 J - 2 potions of curing {@q1}
 M - 2 potions of might
 N - a potion of heal wounds {@q2}
 P - 2 potions of lignification {!q}
 R - a potion of resistance
Miscellaneous
 l - a condenser vane (inert)
   (You found it on level 10 of the Dungeon)


   Skills:
 - Level 10.0 Fighting
 - Level 14.0 Staves
 - Level 2.0 Throwing
 * Level 6.7 Dodging
 - Level 4.0 Spellcasting
 - Level 8.0 Conjurations
 - Level 8.0 Ice Magic


You had 11 spell levels left.
You knew the following spells:

 Your Spells              Type           Power      Damage    Failure   Level
a - Frozen Ramparts       Ice            100%       1d16      1%          3
b - Hailstorm             Conj/Ice       56%        3d12      1%          3
A - Ozocubu's Armour      Ice            56%        N/A       1%          3

Your spell library contained the following spells:

 Spells                   Type           Power      Damage    Failure   Level
 Freeze                   Ice            100%       1d10      1%          1
 Static Discharge         Conj/Air       44%        3-5/arc   3%          2
 Necrotise                Necr           16%        1d4       11%         1
 Vampiric Draining        Necr           4%         2d6       32%         3
 Metabolic Englaciation   Hex/Ice        16%        N/A       52%         5
 Airstrike                Air            2%         2d(1-17)  73%         4
 Summon Lightning Spire   Summ/Air       4%         N/A       73%         4
 Agony                    Necr           4%         N/A       97%         5
 Conjure Ball Lightning   Conj/Air       11%        3x3d6     97%         6
 Discord                  Hex            2%         N/A       100%        8
 Disjunction              Tloc           2%         N/A       100%        8
 Simulacrum               Ice/Necr       Unusable   N/A       N/A         6

Dungeon Overview and Level Annotations

Branches:
Dungeon (10/15) Zot: 25483  Temple (1/1) D:5 Zot: 5977    Lair (1/5) D:10 Zot: 5717
  IceCv (1/1) Zot: 4066
    Orc: D:9-12

Altars:
Ashenzari
Cheibriados
Dithmenos
Elyvilon
Fedhas
Gozag
Hepliaklqana
Kikubaaqudgha
Makhleb
Nemelex Xobeh
Okawaru
Qazlal
Ru
Sif Muna
Trog
Uskayaw
Vehumet
Wu Jian
Xom
Yredelemnul
Zin
The Shining One

Shops:
D:7 *   D:10 :

Annotations:
D:5 Eustachio
D:9 exclusions: 4 electric eels and 1 more exclusion
D:10 exclusion: electric eel


Innate Abilities, Weirdness & Mutations

You cannot wear most types of armour.
You are amphibious.
You can wear up to eight rings at the same time.
Your skin changes colour to match your surroundings (Stealth+).
Your rubbery body absorbs attacks. (AC +1, EV +1)
((You are camouflaged when in or above water. (Stealth+)))
You have tentacles for arms and can constrict up to eight enemies at once.


Message History

Press: ? - help, Dir - look around, f - activate You feel a surge of power!
The walls around you are covered in ice.
The wall freezes the great orb of eyes simulacrum but does no damage.
You now have 13/19 mp.
The great orb of eyes simulacrum completely resists.
The wall freezes the great orb of eyes simulacrum but does no damage.
You sock the great orb of eyes simulacrum!
You squeeze the great orb of eyes simulacrum, but do no damage.
You hit the great orb of eyes simulacrum.
You squeeze the great orb of eyes simulacrum!
The great orb of eyes simulacrum completely resists.
The wall freezes the great orb of eyes simulacrum but does no damage.
The great orb of eyes simulacrum bites you but does no damage.
You sock the great orb of eyes simulacrum!
Okay, then.
Your icy armour cracks and falls away as you move.
The frozen ramparts melt away as you move.
You now have 812 gold pieces (gained 5).
You start resting.
MP restored: 19 A great orb of eyes simulacrum comes into view.
The helpless great orb of eyes simulacrum fails to defend itself.
You hit the great orb of eyes simulacrum.
You hit the great orb of eyes simulacrum.
The great orb of eyes simulacrum bites you.
The great orb of eyes simulacrum freezes you!
You resist.
You take 14 damage, and have 78/92 hp.
You thump the great orb of eyes simulacrum!
You sock the great orb of eyes simulacrum!
The great orb of eyes simulacrum bites you.
The great orb of eyes simulacrum freezes you!
You resist.
You take 16 damage, and have 62/92 hp.
You hit the great orb of eyes simulacrum.
You sock the great orb of eyes simulacrum!
You now have 819 gold pieces (gained 7).
You start resting.
Health restored: 92 An azure jelly comes into view.
Press: ? - help, v - describe, . - travel
Here: an azure jelly (asleep)
The floor.
Unknown command.
Clouds condense from the air!
The condenser dries out!
Unknown command.
Press: ? - help, v - describe, . - travel
Here: an azure jelly (poison gas, asleep)
The floor.
Unknown command.
Unknown command.
The azure jelly quivers.
The azure jelly is engulfed in blazing flames.
Throw: 13 javelins
Press: ? - help, Q - select action, (/) - cycle Shift-Dir - straight line, f - azure jelly
Aim: an azure jelly (moderately wounded, 62% to hit)
You throw a javelin.
The javelin pierces through the azure jelly.
Okay, then.
Unknown command.
You feel a surge of power! A film of ice covers your body!
You now have 16/19 mp.
Press: ? - help, Dir - look around, f - activate You feel a surge of power!
A cannonade of hail descends around you!
The hail pelts the azure jelly!
The azure jelly partially resists.
You now have 13/19 mp.
You feel very mighty all of a sudden. The azure jelly hits you!
The azure jelly freezes you! You resist. The azure jelly misses you.
The azure jelly closely misses you. The azure jelly misses you.
You take 23 damage, and have 69/92 hp.
MASSIVE DAMAGE!!
You bludgeon the azure jelly!! The azure jelly hits you.
The azure jelly freezes you! You resist.
The azure jelly hits you but does no damage. x2
The azure jelly completely misses you.
You take 8 damage, and have 61/92 hp.
You sock the azure jelly! You squeeze the azure jelly!
You barely miss the azure jelly.
The azure jelly hits you but does no damage.
The azure jelly closely misses you.
The azure jelly hits you but does no damage.
The azure jelly misses you.
You closely miss the azure jelly. The azure jelly hits you.
The azure jelly freezes you! You resist. The azure jelly hits you!
The azure jelly freezes you! You resist. The azure jelly hits you.
The azure jelly closely misses you.
You take 34 damage, and have 28/92 hp.
MASSIVE DAMAGE!!
You barely miss the azure jelly. You closely miss the azure jelly.
Your squeeze misses the azure jelly. The azure jelly closely misses you.
The azure jelly hits you.
* * * LOW HITPOINT WARNING * * *
The azure jelly freezes you!! You resist.
* * * LOW HITPOINT WARNING * * *
The azure jelly hits you.
You die...
Your body crumbles into a pile of gold.

#..##.##..##....####..#
..##..##..##...##.##..#
..#.[.#...##...#...#..#
.##..##...##..##......#
.##..#....##..##......#
.#..##..####..##......#
##..#...# #..##......#
#..##..## #..##.##..##
#..##..# ##..##@.##.#
#...#..## #..###J.####
##..##..###..# #...#
.#..##..##...# ....#
.##.##...#...# .....
..#..##......#..(....
..#...##....##..§....#
..##...#....#...#§#...
#..#...##..##


You could see an azure jelly.

Vanquished Creatures
  A quicksilver ooze (IceCv)
  3 two-headed ogres
  6 death yaks (Lair:1)
  A boulder beetle (D:10)
  A cyclops (D:10)
  A black mamba (Lair:1)
  3 ice statues (IceCv)
  Jeremiah (Lair:1)
  3 kobold demonologists (D:10)
  An unseen horror zombie (D:9)
  An unseen horror skeleton (D:9)
  20 slime creatures (IceCv)
  A wraith (D:9)
  15 yaks
  2 wyverns
  A basilisk (Lair:1)
  4 vampire mosquitoes (D:10)
  5 great orb of eyes simulacra (IceCv)
  2 water moccasins
  4 orc warriors
  2 black bears
  A sky beast (D:8)
  A hornet zombie (D:7)
  An ogre (D:7)
  4 centaurs
  3 slime creature simulacra (IceCv)
  6 kobold brigands
  6 bullfrogs
  2 wyvern zombies (D:7)
  4 scorpions
  A glowing shapeshifter simulacrum (IceCv)
  4 necrophages (D:7)
  28 wights
  6 killer bees (D:10)
  2 howler monkeys
  A spectral centaur (D:9)
  3 electric eels (D:10)
  2 centaur zombies (D:7)
  2 jellies (D:5)
  A human zombie (D:7)
  2 orc priests
  A hound (D:5)
  2 sleepcaps
  7 iguanas
  8 orc wizards
  2 shapeshifter simulacra (IceCv)
  A killer bee zombie (D:7)
  A hound skeleton (D:7)
  A mummy (D:7)
  A howler monkey zombie (D:9)
  Robin (D:2)
  6 adders
  A howler monkey skeleton (D:9)
  2 white imps
  2 ufetubi (D:6)
  A worm (D:4)
  4 dart slugs
  27 orcs
  11 ball pythons
  2 endoplasms
  4 giant cockroaches
  16 goblins
  9 hobgoblins
  3 jackals (D:3)
  4 quokkas
  5 bats
  4 frilled lizards
  27 kobolds
  4 rats
  A spectral kobold (D:9)
316 creatures vanquished.

Vanquished Creatures (others)
  An orc (D:9)
1 creature vanquished.

Grand Total: 317 creatures vanquished

Notes
Turn   | Place    | Note
-------+----------+-------------------------------------------
     0 | D:1      | sokol815 the Octopode Gladiator began the quest for the
                  | Orb.
     0 | D:1      | Reached XP level 1. HP: 14/14 MP: 1/1
    98 | D:1      | Reached XP level 2. HP: 9/19 MP: 2/2
   561 | D:1      | Reached XP level 3. HP: 25/25 MP: 3/3
   698 | D:2      | Reached skill level 4 in Staves
   812 | D:2      | Reached XP level 4. HP: 30/30 MP: 4/4
  1163 | D:2      | Reached skill level 3 in Fighting
  1248 | D:2      | Found a faded altar of an unknown god.
  1282 | D:2      | Noticed Robin
  1304 | D:2      | Killed Robin
  2120 | D:3      | Reached XP level 5. HP: 32/36 MP: 5/5
  2360 | D:3      | Found a snail-covered altar of Cheibriados.
  2477 | D:4      | Reached skill level 5 in Staves
  3119 | D:4      | Learned a level 3 spell: Frozen Ramparts
  3228 | D:4      | Found a radiant altar of Vehumet.
  3542 | D:5      | Entered Level 5 of the Dungeon
  3547 | D:5      | Reached XP level 6. HP: 43/43 MP: 6/6
  3554 | D:5      | You fall into a shaft and drop 1 floor!
  3567 | D:6      | Noticed a water moccasin
  3602 | D:6      | Reached skill level 1 in Ice Magic
  3651 | D:6      | Found a sacrificial altar of Ru.
  3842 | D:6      | Reached skill level 1 in Spellcasting
  3842 | D:6      | Reached skill level 2 in Ice Magic
  3847 | D:6      | Reached skill level 4 in Fighting
  3847 | D:6      | Reached skill level 6 in Staves
  3847 | D:6      | Reached XP level 7. HP: 24/48 MP: 4/8
  3851 | D:6      | HP: 8/46 [wight/+0 spear (5)]
  4311 | D:5      | Reached skill level 3 in Ice Magic
  4638 | D:5      | Noticed Eustachio
  4827 | D:5      | Found a staircase to the Ecumenical Temple.
  4837 | Temple   | Entered the Ecumenical Temple
  4848 | Temple   | Became a worshipper of Gozag Ym Sagoz the Greedy
  5414 | D:6      | Reached skill level 2 in Spellcasting
  5505 | D:6      | Reached XP level 8. HP: 51/54 MP: 9/11
  5517 | D:6      | Reached skill level 4 in Ice Magic
  5620 | D:6      | Learned a level 3 spell: Ozocubu's Armour
  5661 | D:6      | Found a glowing silver altar of Zin.
  5953 | D:6      | Found a shadowy altar of Dithmenos.
  6109 | D:6      | Reached skill level 7 in Staves
  6327 | D:7      | Reached skill level 5 in Fighting
  6392 | D:7      | Reached skill level 5 in Ice Magic
  6402 | D:7      | Reached skill level 3 in Spellcasting
  6526 | D:7      | Found Roisuo's General Store.
  6535 | D:7      | Bought a ring of protection from fire for 325 gold pieces
  6535 | D:7      | Bought a scroll of identify for 26 gold pieces
  6535 | D:7      | Bought a scroll of identify for 26 gold pieces
  6650 | D:7      | Reached XP level 9. HP: 61/61 MP: 6/13
  6658 | D:7      | Reached skill level 8 in Staves
  6861 | D:7      | Reached skill level 6 in Ice Magic
  7356 | D:7      | Found an ancient bone altar of Kikubaaqudgha.
  7407 | D:7      | Reached skill level 4 in Spellcasting
  7541 | D:7      | Reached skill level 6 in Fighting
  7545 | D:7      | Reached skill level 7 in Ice Magic
  7675 | D:7      | Reached skill level 9 in Staves
  7726 | D:7      | Found a burning altar of Makhleb.
  8102 | D:8      | Reached XP level 10. HP: 68/68 MP: 12/16
  8271 | D:8      | Reached skill level 8 in Ice Magic
  8388 | D:8      | Reached skill level 10 in Staves
  8389 | D:8      | Noticed a two-headed ogre
  8401 | D:8      | Killed a two-headed ogre
  8402 | D:8      | Reached skill level 7 in Fighting
  8506 | D:8      | Learned a level 3 spell: Hailstorm
  8523 | D:8      | Found a white marble altar of Elyvilon.
  8993 | D:8      | Reached skill level 1 in Conjurations
  9230 | D:9      | Noticed a two-headed ogre
  9246 | D:9      | Killed a two-headed ogre
  9247 | D:9      | Reached skill level 11 in Staves
  9247 | D:9      | Reached skill level 2 in Conjurations
  9466 | D:9      | Noticed a two-headed ogre
  9475 | D:9      | Killed a two-headed ogre
  9476 | D:9      | Reached skill level 3 in Conjurations
  9476 | D:9      | Reached XP level 11. HP: 49/77 MP: 7/17
  9578 | D:9      | Reached skill level 8 in Fighting
  9794 | D:9      | Found a broken altar of Ashenzari.
 10251 | D:9      | Reached skill level 4 in Conjurations
 10418 | D:9      | Found a hazy altar of Hepliaklqana.
 11038 | D:10     | Entered Level 10 of the Dungeon
 11058 | D:10     | Reached skill level 5 in Conjurations
 11127 | D:10     | Reached skill level 12 in Staves
 11272 | D:10     | Found a sparkling altar of Nemelex Xobeh.
 11600 | D:10     | Found a staircase to the Lair.
 11832 | D:10     | Noticed a +0 spear
 11833 | D:10     | Noticed a +0 short sword
 11833 | D:10     | Noticed a +0 dagger
 11834 | D:10     | Noticed a +0 short sword
 11835 | D:10     | Noticed a +0 falchion
 11835 | D:10     | Noticed a +0 spear
 11835 | D:10     | Noticed a +0 dagger
 11836 | D:10     | Noticed a +0 falchion
 11836 | D:10     | Noticed a cyclops
 11837 | D:10     | Found a hide-covered altar of Uskayaw.
 11873 | D:10     | Killed a cyclops
 11999 | D:10     | Noticed a boulder beetle
 12004 | D:10     | Reached skill level 6 in Conjurations
 12025 | D:10     | Killed a boulder beetle
 12575 | IceCv    | Identified the "Asysekask"
 12575 | Lair:1   | Entered Level 1 of the Lair of Beasts
 12656 | Lair:1   | Reached skill level 9 in Fighting
 12656 | Lair:1   | Reached XP level 12. HP: 36/85 MP: 11/18
 12750 | Lair:1   | Found a frozen archway.
 12753 | Lair:1   | Noticed a death yak
 12753 | Lair:1   | Noticed a death yak
 12754 | Lair:1   | Noticed a death yak
 12754 | Lair:1   | Noticed a death yak
 12767 | Lair:1   | Noticed a death yak
 12767 | Lair:1   | Noticed a death yak
 12773 | Lair:1   | HP: 11/85 [death yak (16)]
 12776 | Lair:1   | Killed a death yak
 12777 | Lair:1   | Reached skill level 7 in Conjurations
 12778 | Lair:1   | Killed a death yak
 12784 | Lair:1   | HP: 22/127 [death yak (19)]
 12785 | Lair:1   | Killed a death yak
 12786 | Lair:1   | Reached skill level 13 in Staves
 12787 | Lair:1   | Killed a death yak
 12790 | Lair:1   | Killed a death yak
 12791 | Lair:1   | Killed a death yak
 12792 | Lair:1   | Reached skill level 8 in Conjurations
 12792 | Lair:1   | Noticed Jeremiah
 12812 | Lair:1   | Killed Jeremiah
 12869 | IceCv    | Entered an ice cave
 13126 | IceCv    | Noticed a quicksilver ooze
 13574 | IceCv    | Killed a quicksilver ooze
 13575 | IceCv    | Reached skill level 4 in Dodging
 13709 | IceCv    | HP: 21/87 [ice beast[an ice statue] (4)]
 14272 | IceCv    | Reached skill level 5 in Dodging
 14439 | IceCv    | Reached skill level 14 in Staves
 14443 | IceCv    | Reached skill level 10 in Fighting
 14640 | IceCv    | Reached skill level 6 in Dodging
 14653 | IceCv    | Reached XP level 13. HP: 73/92 MP: 10/19
 14870 | IceCv    | Noticed an azure jelly
 14885 | IceCv    | HP: 6/92 [azure jelly (20)]
 14885 | IceCv    | Slain by an azure jelly

Illustrated notes

Levels and vault maps discovered:
D:1:      dpeg_arrival_simpleton_b, layout_rooms
D:2:      minmay_kobold_bridge, layout_basic,
          hellmonk_ecumenical_altar_inner_sanctum, minmay_gold_behind_fungi,
          dreamdust_wishing_well, chequers_serial_rivers_marsh,
          nicolae_elevator_lobby_plus, uniq_robin
D:3:      layout_basic, lemuel_coloured_pillars_altar,
          ebering_dispersal_statue_hall
D:4:      layout_gridville, nicolae_vehumet_altar_sigil
D:5:      layout_cave_pods, minmay_temple_entry_slanted,
          chequers_serial_rivers_small_b, uniq_eustachio
D:6:      layout_loops_ring, mainiacjoe_overflow_brackets, zin_scriptorium,
          grunt_dithmenos_smoke_and_mirrors
D:7:      layout_loops_ring, makhleb_blood_cavern_becter,
          lemuel_mausoleum_altar_kikubaaqudgha, serial_shops,
          nicolae_shop_crystal
D:8:      layout_basic, mainiacjoe_overflow_alcove_2, minivault_23
D:9:      layout_basic, nicolae_hepliaklqana_monster_ancestors,
          amcnicky_altar_gilded, dk_noncrumbling_3,
          amcnicky_mini_corridor_feature, hangedman_abyss_or_decor_clamps,
          hangedman_weighted_door, minmay_misc_feat_roman
D:10:     wad_lake_hut, layout_small_grid, nicolae_uskayaw_en_pointe,
          nemelex_spade_bored_becter, lair_entry_dummy,
          kennysheep_generic_room_15
Temple:   hellmonk_temple_flake
Lair:1:   beast_lair_carwin_large_2, layout_big_grid,
          portal_ice_cave_entry_pillars_1, infiniplex_staircase_pool,
          uniq_jeremiah
IceCv:    ice_cave_hellmonk_azure_passage

Skill      XL: |  1  2  3  4  5  6  7  8  9 10 11 12 |
---------------+-------------------------------------+-----
Staves         | 4 5 6 7 9 11 12 14 | 14.0
Fighting       | 3 4 5 6 7 9 10 | 10.0
Ice Magic      | 2 3 5 7 8 |  8.0
Spellcasting   | 1 2 3 4 |  4.0
Conjurations   | 3 6 8 |  8.0
Dodging        | 6 |  6.7
Throwing       | |  2.0

Action                     |  1- 3 |  4- 6 |  7- 9 | 10-12 | 13-15 || total
---------------------------+-------+-------+-------+-------+-------++-------
  Melee: Quarterstaff      |    53 |   147 |   206 |   389 |    15 ||   810
         Constrict         |    14 |    41 |    46 |    32 |       ||   133
         Tentacles         |     9 |    41 |    56 |   114 |     3 ||   223
         Punch             |       |     1 |     3 |     9 |       ||    13
   Fire: Sling             |       |       |       |    24 |       ||    24
  Throw: Javelin           |     1 |       |       |       |     1 ||     2
         Stone             |       |       |    17 |       |       ||    17
         Dart              |       |       |       |    33 |       ||    33
   Cast: Ozocubu's Armour  |       |       |    21 |    42 |     2 ||    65
         Frozen Ramparts   |       |       |    10 |    36 |     1 ||    47
         Hailstorm         |       |       |       |    13 |     1 ||    14
 Invoke: Call Merchant     |       |       |       |     1 |       ||     1
         Potion Petition   |       |       |       |     1 |       ||     1
  Evoke: Condenser vane    |       |       |       |       |     1 ||     1
    Use: Scroll            |     4 |    10 |     5 |     2 |       ||    21
         Potion            |       |       |       |     7 |     1 ||     8
   Stab: Sleeping          |     2 |     9 |     9 |     4 |     1 ||    25
         Distracted        |       |       |     1 |     4 |       ||     5
 Armour: Skin              |    15 |    61 |    96 |   215 |    14 ||   401
  Dodge: Dodged            |    37 |    90 |    97 |   180 |     8 ||   412

Table legend: (Time is in decaauts)
 A = Elapsed time spent in this place.
 B = Non-inter-level travel time spent in this place.
 C = Inter-level travel time spent in this place.
 D = Time resting spent in this place.
 E = Time spent auto-exploring this place.
 F = Levels seen in this place.
 G = Mean time per level.
                   A        B        C        D        E       F      G
               +--------+--------+--------+--------+--------+-----+--------+
         Total |  14743 |  14325 |    418 |   2907 |   8888 |  13 | 1134.1 |
       Dungeon |  12506 |  12109 |    397 |   1653 |   8566 |  10 | 1250.6 |
        Temple |     22 |      1 |     21 |      0 |      0 |   1 |   22.0 |
          Lair |    282 |    282 |      0 |     61 |      0 |   1 |  282.0 |
      Ice Cave |   1932 |   1932 |      0 |   1193 |    322 |   1 | 1932.0 |
               +--------+--------+--------+--------+--------+-----+--------+

Top non-repeatable levels by time:
   IceCv: 1932 daAuts
     D:9: 1827 daAuts
     D:7: 1688 daAuts
    D:10: 1516 daAuts
     D:6: 1354 daAuts
     D:5: 1307 daAuts
     D:8: 1253 daAuts
     D:2: 1136 daAuts
     D:4: 1105 daAuts
     D:3: 677 daAuts
     D:1: 637 daAuts
  Lair:1: 282 daAuts
  Temple: 22 daAuts

Levels and vault maps discovered:
D:1:      dpeg_arrival_simpleton_b, layout_rooms
D:2:      minmay_kobold_bridge, layout_basic,
          hellmonk_ecumenical_altar_inner_sanctum, minmay_gold_behind_fungi,
          dreamdust_wishing_well, chequers_serial_rivers_marsh,
          nicolae_elevator_lobby_plus, uniq_robin
D:3:      layout_basic, lemuel_coloured_pillars_altar,
          ebering_dispersal_statue_hall
D:4:      layout_gridville, nicolae_vehumet_altar_sigil
D:5:      layout_cave_pods, minmay_temple_entry_slanted,
          chequers_serial_rivers_small_b, uniq_eustachio
D:6:      layout_loops_ring, mainiacjoe_overflow_brackets, zin_scriptorium,
          grunt_dithmenos_smoke_and_mirrors
D:7:      layout_loops_ring, makhleb_blood_cavern_becter,
          lemuel_mausoleum_altar_kikubaaqudgha, serial_shops,
          nicolae_shop_crystal
D:8:      layout_basic, mainiacjoe_overflow_alcove_2, minivault_23
D:9:      layout_basic, nicolae_hepliaklqana_monster_ancestors,
          amcnicky_altar_gilded, dk_noncrumbling_3,
          amcnicky_mini_corridor_feature, hangedman_abyss_or_decor_clamps,
          hangedman_weighted_door, minmay_misc_feat_roman
D:10:     wad_lake_hut, layout_small_grid, nicolae_uskayaw_en_pointe,
          nemelex_spade_bored_becter, lair_entry_dummy,
          kennysheep_generic_room_15
Temple:   hellmonk_temple_flake
Lair:1:   beast_lair_carwin_large_2, layout_big_grid,
          portal_ice_cave_entry_pillars_1, infiniplex_staircase_pool,
          uniq_jeremiah
IceCv:    ice_cave_hellmonk_azure_passage

Table legend: (Time is in decaauts)
 A = Elapsed time spent in this place.
 B = Non-inter-level travel time spent in this place.
 C = Inter-level travel time spent in this place.
 D = Time resting spent in this place.
 E = Time spent auto-exploring this place.
 F = Levels seen in this place.
 G = Mean time per level.
                   A        B        C        D        E       F      G
               +--------+--------+--------+--------+--------+-----+--------+
         Total |  14743 |  14325 |    418 |   2907 |   8888 |  13 | 1134.1 |
       Dungeon |  12506 |  12109 |    397 |   1653 |   8566 |  10 | 1250.6 |
        Temple |     22 |      1 |     21 |      0 |      0 |   1 |   22.0 |
          Lair |    282 |    282 |      0 |     61 |      0 |   1 |  282.0 |
      Ice Cave |   1932 |   1932 |      0 |   1193 |    322 |   1 | 1932.0 |
               +--------+--------+--------+--------+--------+-----+--------+

Top non-repeatable levels by time:
   IceCv: 1932 daAuts
     D:9: 1827 daAuts
     D:7: 1688 daAuts
    D:10: 1516 daAuts
     D:6: 1354 daAuts
     D:5: 1307 daAuts
     D:8: 1253 daAuts
     D:2: 1136 daAuts
     D:4: 1105 daAuts
     D:3: 677 daAuts
     D:1: 637 daAuts
  Lair:1: 282 daAuts
  Temple: 22 daAuts

Table legend:
 A = Kills in this place as a percentage of kills in the entire game.
 B = Kills by you in this place as a percentage of kills by you in the entire game.
 C = Kills by friends in this place as a percentage of kills by friends in the entire game.
 D = Other kills in this place as a percentage of other kills in the entire game.
 E = Experience gained in this place as a percentage of experience gained in the entire game.
 F = Experience gained in this place divided by the number of levels of this place that you have seen.
                   A       B       C       D       E      F
               +-------+-------+-------+-------+-------+----------------------
         Total | 100.0 | 100.0 |   N/A |   N/A | 100.0 | 2501.2
       Dungeon |  84.5 |  84.5 |   N/A |   N/A |  54.6 | 1774.4
          Lair |   4.4 |   4.4 |   N/A |   N/A |  19.3 | 6277.0
      Ice Cave |  11.1 |  11.1 |   N/A |   N/A |  26.1 | 8494.0
               +-------+-------+-------+-------+-------+----------------------
